 Dungeon Crawl Stone Soup version 0.21.1-1-g345015f (webtiles) character file.

53 letownia2 the Poker (level 3, 0/24 HPs)
             Began as a Merfolk Wizard on Mar 10, 2018.
             Slain by an adder (5 damage)
             ... on level 2 of the Dungeon.
             The game lasted 00:06:38 (941 turns).

letownia2 the Poker (Merfolk Wizard)                 Turns: 941, Time: 00:06:39

Health: 0/24       AC:  2    Str:  8    XL:     3   Next: 87%
Magic:  0/7        EV: 13    Int: 17    God:
Gold:   101        SH:  0    Dex: 12    Spells: 2/8 levels left

rFire    . . .     SeeInvis .   a - +0 spear
rCold    . . .     Gourm    .   (no shield)
rNeg     . . .     Faith    .   g - +0 robe
rPois    .         Spirit   .   b - +0 hat
rElec    .         Reflect  .   (no cloak)
rCorr    .         Harm     .   (no gloves)
MR       .....                  (no boots)
Stlth    ++........             (no amulet)
HPRegen  0.08/turn              (no ring)
MPRegen  0.10/turn              (no ring)

@: lethally poisoned (0 -> -15), very slightly contaminated
A: change form in water, swift swim, stealthy swim
a: no special abilities


You were on level 2 of the Dungeon.
You were very hungry.

You visited 1 branch of the dungeon, and saw 3 of its levels.

You collected 101 gold pieces.

Inventory:

Hand Weapons
 a - a +0 spear (weapon)
 p - a +1 vampiric spear
Missiles
 n - 8 tomahawks (quivered)
Armour
 b - a +0 hat (worn)
 g - a +0 robe (worn)
 i - a +0 ring mail
 l - a +0 leather armour
Scrolls
 e - 2 scrolls of remove curse {unknown}
 f - 2 scrolls of immolation {unknown}
 h - a scroll of enchant weapon {unknown}
 j - a scroll of amnesia {unknown}
Potions
 k - a potion of cancellation
Books
 c - a book of Minor Magic

   Spells                             Type                      Level
   a - Magic Dart                     Conjuration                  1
   b - Blink                          Translocation                2
   c - Call Imp                       Summoning                    2
   d - Slow                           Hexes                        2
   e - Conjure Flame                  Conjuration/Fire             3
   f - Mephitic Cloud                 Conjuration/Poison/Air       3
Comestibles
 d - 4 rations


   Skills:
 - Level 3.7 Polearms
 - Level 2.6 Dodging
 - Level 2.1 Stealth
 - Level 3.0 Spellcasting
 - Level 1.1 Conjurations
 + Level 1.3 Summonings
   Level 0.7 Translocations
 + Level 0.5 Air Magic
 + Level 0.8 Poison Magic


You had 2 spell levels left.
You knew the following spells:

 Your Spells              Type           Power        Failure   Level  Hunger
a - Magic Dart            Conj           #...         11%         1    None
e - Mephitic Cloud        Conj/Pois/Air  #.......     36%         3    ###....
i - Call Imp              Summ           #.......     16%         2    ##.....


Dungeon Overview and Level Annotations

Branches:
Dungeon (3/15)

Altars:
Dithmenos
Gozag
Uskayaw


Message History

The adder is moderately wounded.
You feel sick. The adder bites you.
You are lethally poisoned!
The adder poisons you!
You closely miss the adder.
The adder is moderately wounded.
You feel sick. The adder bites you.
* * * LOW HITPOINT WARNING * * *
The adder bites you.
* * * LOW HITPOINT WARNING * * *
You are more poisoned.
The adder poisons you!
Sorry, you're not good enough to have a special ability.
Okay, then.
You are feeling very hungry.
You hit the adder.
The adder is heavily wounded.
* * * LOW HITPOINT WARNING * * *
You feel sick. The adder bites you.
You die...

#.#.# .## #.#.# #..#.#
#.#.# ###..#.## # #.#
#(....... #+#.##
#.......# .....#
#.......#
.....######.......#
...............S..#
.^..#######'####@######.
....# #..........)......
....# #.................
....# #.................
....# #.................
....# #.................
....# #.................
....# #.................
##### #.................


You could see an adder.

Vanquished Creatures
  2 gnolls
  2 leopard geckos
  6 goblins
  4 hobgoblins
  4 kobolds (D:2)
  5 bats
  A frilled lizard (D:1)
  3 rats
27 creatures vanquished.

Vanquished Creatures (collateral kills)
  An adder (D:2)
  A goblin (D:2)
2 creatures vanquished.

Grand Total: 29 creatures vanquished

Notes
Turn   | Place    | Note
-------+----------+-------------------------------------------
     0 | D:1      | letownia2 the Merfolk Wizard began the quest for the Orb.
     0 | D:1      | Reached XP level 1. HP: 13/13 MP: 4/4
    66 | D:1      | Reached skill level 1 in Conjurations
   110 | D:1      | Reached skill level 1 in Polearms
   150 | D:1      | Reached XP level 2. HP: 2/19 MP: 4/6
   289 | D:1      | Learned a level 2 spell: Call Imp
   299 | D:2      | Noticed a hand axe
   300 | D:2      | Noticed a hand axe
   300 | D:2      | Found a hide-covered altar of Uskayaw.
   380 | D:2      | Found an opulent altar of Gozag.
   492 | D:3      | Found a shadowy altar of Dithmenos.
   512 | D:3      | Reached XP level 3. HP: 21/24 MP: 2/7
   580 | D:2      | Learned a level 3 spell: Mephitic Cloud
   941 | D:2      | Slain by an adder

Skill      XL: |  1  2 |
---------------+-------+-----
Conjurations   | 1 |  1.1
Polearms       | 1 3 |  3.7
Dodging        | |  2.6
Stealth        | |  2.1
Spellcasting   | |  3.0
Summonings     | |  1.3
Translocations | |  0.7
Air Magic      | |  0.5
Poison Magic   | |  0.8

Action                   || total
-------------------------++-------
Melee: Spear             ||    72
Throw: Throwing net      ||     1
 Cast: Magic Dart        ||    36
       Call Imp          ||     2
       Mephitic Cloud    ||     6
  Use: Potion            ||     2
 Stab: Confused          ||     5
       Sleeping          ||     1
Armor: Robe              ||    13
Dodge: Dodged            ||    44
